 Dungeon Sprint DCSS version 0.14-a0-519-g334afa2 (webtiles) character file.

3821 MDvedh the Severer (level 9, -3/121 HPs)
             Began as a Minotaur Berserker on Nov 2, 2013.
             Was the Champion of Trog.
             Slain by a sun demon (19 damage)
             ... in the Dungeon (Sprint VII: "The Pits").
             The game lasted 00:05:36 (1687 turns).

MDvedh the Severer (Minotaur Berserker)             Turns: 1687, Time: 00:05:36

HP  -3/121       AC 16     Str 31      XL: 9   Next: 97%
MP   3/3         EV  9     Int  4      God: Trog [******]
Gold 0           SH  0     Dex  9      Spells:  0 memorised,  8 levels left

Res.Fire  : . . .   See Invis. : .   q - +5,+3 executioner's axe (drain)
Res.Cold  : . . .   Warding    : .   w - +4 chain mail
Life Prot.: . . .   Conserve   : .   (no shield)
Res.Poison: .       Res.Corr.  : .   (helmet restricted)
Res.Elec. : .       Clarity    : .   (no cloak)
Sust.Abil.: . .     Spirit.Shd : .   (no gloves)
Res.Mut.  : .       Prev.Telep.: +   (no boots)
Res.Rott. : .       Flight     : .   (no amulet)
Saprovore : . . .                    (no ring)
                                     (no ring)

@: berserking, mildly poisoned, very quick, slightly resistant to hostile
enchantments, extremely unstealthy
A: retaliatory headbutt, horns 2
a: Burn Spellbooks, Berserk, Trog's Hand, Brothers in Arms, Renounce Religion


You were in the Dungeon.
You worshipped Trog.
Trog was exalted by your worship.
You were very full.

You visited 1 branch

Inventory:

Hand weapons
 q - a +5,+3 executioner's axe of draining (weapon)
Armour
 w - a +4 chain mail (worn)
Comestibles
 c - 5 bread rations
 k - 40 strawberries
 l - 7 meat rations
Scrolls
 i - a scroll of blinking
 n - 2 scrolls of vulnerability
 o - 3 scrolls of remove curse
 p - a scroll of summoning
Jewellery
 j - a +3 ring of evasion
 s - a +3 ring of protection
Potions
 d - 6 potions of curing
 e - 6 potions of heal wounds
 f - a potion of speed
 g - 4 potions of magic
 h - 4 potions of berserk rage
 m - 2 potions of invisibility
 r - 2 potions of brilliance
 t - a potion of agility


   Skills:
 - Level 11.4 Fighting
 * Level 20.9 Axes
 - Level 11.3 Armour
 - Level 2.1 Dodging


You had 8 spell levels left.
You didn't know any spells.

Dungeon Overview and Level Annotations

Branches:
Dungeon (1/1)

Altars:
Ashenzari
Cheibriados
Elyvilon
Fedhas
Kikubaaqudgha
Makhleb
Nemelex Xobeh
Okawaru
Sif Muna
Trog
Vehumet
Xom
Yredelemnul
Zin
the Shining One
Beogh
Jiyva
Lugonu


Innate Abilities, Weirdness & Mutations

You reflexively headbutt those who attack you in melee.
You have a pair of horns on your head.


Message History

The centaur unwields an uncursed bow.
The centaur hits you.
* * * LOW HITPOINT WARNING * * *
The sun demon hits you but does no damage.
Unknown command.
You barely miss the centaur. You barely miss the sun demon.
The sun demon is lightly wounded.
* * * LOW HITPOINT WARNING * * *
You feel sick. The centaur barely misses you.
The sun demon hits you but does no damage.
Unknown command.
You slice the sun demon!!
The sun demon is heavily wounded.
You cut the centaur into ribbons!!!
You feel the power of Trog in you as your rage grows.
You kill the centaur!
Trog accepts your kill. The sun demon hits you.
* * * LOW HITPOINT WARNING * * *
You are engulfed in flames!
You die...

###..###+###...#
##..##.....##..#
##..'.).....+..+
##..##.....##..#
###..###+###)..##+##
# ##.)........##...#
# #...##'##..###...+
##...##...##..##3).#
##..###...###.((@..#
#### ##### ########


You could see a sun demon.

Vanquished Creatures
  A ghost moth (D)
  A plague shambler (D)
  A hill giant (D)
  A hellwing (D)
  A troll (D)
  A redback (D)
  A wyvern (D)
  A deep elf fighter (D)
  2 steam dragons (D)
  A hungry ghost (D)
  A wolf (D)
  Edmund (D)
  A gargoyle (D)
  A centaur (D)
  A rotting devil (D)
  A brain worm (D)
  A water moccasin (D)
  A gnoll sergeant (D)
  A quasit (D)
  An orc wizard (D)
  A worker ant (D)
  A gnoll (D)
  A giant centipede (D)
  A lemure (D)
  3 giant mites (D)
  An ufetubus (D)
  2 giant geckos (D)
  An ooze (D)
  6 orcs (D)
  A hobgoblin (D)
  A kobold (D)
40 creatures vanquished.

Notes
Turn   | Place    | Note
--------------------------------------------------------------
     0 | D        | MDvedh, the Minotaur Berserker, began the quest for the Orb.
     0 | D        | Reached XP level 1. HP: 19/19 MP: 0/0
     9 | D        | Noticed a brain worm
    16 | D        | Killed a brain worm
    16 | D        | Reached skill level 5 in Fighting
    16 | D        | Reached skill level 7 in Axes
    16 | D        | Reached skill level 5 in Armour
    16 | D        | Reached XP level 2. HP: 21/27 MP: 0/0
    16 | D        | Reached XP level 3. HP: 26/34 MP: 1/1
    16 | D        | Reached XP level 4. HP: 30/40 MP: 1/1
    87 | D        | Found a deep blue altar of Sif Muna.
    87 | D        | Found a burning altar of Makhleb.
    87 | D        | Found an ancient bone altar of Kikubaaqudgha.
    87 | D        | Found a glowing silver altar of Zin.
    87 | D        | Found a basalt altar of Yredelemnul.
    87 | D        | Found a glowing golden altar of the Shining One.
    88 | D        | Found an iron altar of Okawaru.
    88 | D        | Found a roughly hewn altar of Beogh.
    88 | D        | Found a viscous altar of Jiyva.
    88 | D        | Found a corrupted altar of Lugonu.
    88 | D        | Found a sparkling altar of Nemelex Xobeh.
    88 | D        | Found a shimmering altar of Xom.
    88 | D        | Found a radiant altar of Vehumet.
    88 | D        | Found a blossoming altar of Fedhas.
    88 | D        | Found a snail-covered altar of Cheibriados.
    88 | D        | Found a white marble altar of Elyvilon.
    88 | D        | Found a bloodstained altar of Trog.
    88 | D        | Found a shattered altar of Ashenzari.
   102 | D        | Noticed a worker ant
   112 | D        | Killed a worker ant
   112 | D        | Acquired Trog's second power
   112 | D        | Reached skill level 8 in Axes
   312 | D        | Noticed a quasit
   320 | D        | Killed a quasit
   320 | D        | Reached skill level 9 in Axes
   320 | D        | Reached XP level 5. HP: 23/48 MP: 1/1
   611 | D        | Noticed a hungry ghost
   616 | D        | Acquired Trog's third power
   626 | D        | Killed a hungry ghost
   626 | D        | Reached skill level 11 in Axes
   626 | D        | Reached XP level 6. HP: 55/57 MP: 2/2
   627 | D        | Noticed a deep elf fighter
   628 | D        | Noticed a water moccasin
   632 | D        | Killed a deep elf fighter
   632 | D        | Reached skill level 12 in Axes
   640 | D        | Killed a water moccasin
   642 | D        | Received a gift from Trog
   649 | D        | Got a jewelled great sword {god gift}
   650 | D        | Identified the +9,+8 great sword of Slow Death {slice, Int+3} (Trog gifted it to you in the Dungeon)
   650 | D        | Identified the +9,+8 great sword of Slow Death {slice, Int+3} (Trog gifted it to you in the Dungeon)
   659 | D        | Noticed a gargoyle
   681 | D        | Killed a gargoyle
   681 | D        | Reached skill level 13 in Axes
   681 | D        | Reached XP level 7. HP: 52/64 MP: 2/2
   741 | D        | Noticed a hellwing
   741 | D        | Noticed an orc wizard
   747 | D        | Killed an orc wizard
   747 | D        | Reached skill level 10 in Fighting
   771 | D        | Killed a hellwing
   771 | D        | Reached skill level 14 in Axes
   771 | D        | Reached skill level 10 in Armour
   775 | D        | Received a gift from Trog
   852 | D        | Noticed Edmund
   852 | D        | Noticed a gnoll sergeant
   853 | D        | Noticed a rotting devil
   858 | D        | Killed a gnoll sergeant
   865 | D        | Killed Edmund
   865 | D        | Reached XP level 8. HP: 74/74 MP: 2/2
   867 | D        | Killed a rotting devil
  1010 | D        | Noticed a redback
  1011 | D        | Received a gift from Trog
  1017 | D        | Killed a redback
  1017 | D        | Reached skill level 15 in Axes
  1060 | D        | Noticed a steam dragon
  1064 | D        | Lost intelligence.
  1070 | D        | Killed a ghost moth
  1070 | D        | Reached skill level 17 in Axes
  1070 | D        | Reached XP level 9. HP: 59/81 MP: 0/3
  1072 | D        | Killed a steam dragon
  1077 | D        | Received a gift from Trog
  1251 | D        | Noticed a hill giant
  1251 | D        | Noticed a wyvern
  1255 | D        | Killed a wyvern
  1255 | D        | Reached skill level 18 in Axes
  1256 | D        | Killed a hill giant
  1256 | D        | Reached skill level 19 in Axes
  1304 | D        | Noticed a plague shambler
  1314 | D        | Killed a plague shambler
  1314 | D        | Reached skill level 20 in Axes
  1447 | D        | Noticed a wolf
  1448 | D        | Noticed a troll
  1448 | D        | Killed a wolf
  1453 | D        | Killed a troll
  1597 | D        | Noticed a steam dragon
  1606 | D        | Killed a steam dragon
  1608 | D        | Received a gift from Trog
  1680 | D        | Noticed a sun demon
  1680 | D        | Noticed a centaur
  1687 | D        | Killed a centaur
  1687 | D        | Slain by a sun demon

Action                   |  1- 3 |  4- 6 |  7- 9 || total
-------------------------+-------+-------+-------++-------
Melee: Hand axe          |     5 |    73 |    41 ||   119
       Broad axe         |       |       |     7 ||     7
       Executioner's axe |       |       |    25 ||    25
Invok: Berserk           |       |       |     5 ||     5
  Use: Potion            |       |       |     9 ||     9
